 Dungeon Crawl Stone Soup version 0.22-a0-231-g1b571ea (webtiles) character file.

110343 kuniqs the Blocker (level 16, -7/152 HPs)
             Began as a Deep Dwarf Fighter on Feb 20, 2018.
             Was the Champion of Makhleb.
             Blown up by an orb spider (34 damage)
             ... with an orb of destruction
             ... on level 3 of the Spider Nest on Feb 21, 2018.
             The game lasted 00:38:46 (18627 turns).

kuniqs the Blocker (Deep Dwarf Fighter)            Turns: 18627, Time: 00:38:47

Health: -7/152     AC: 22    Str: 23    XL:     16   Next: 7%
Magic:  14/14      EV: 11    Int:  6    God:    Makhleb [******]
Gold:   600        SH:  0    Dex: 21    Spells: 15/15 levels left

rFire    . . .     SeeInvis .   G - +7 broad axe "Qohuo" {drain, Dex+2}
rCold    + . .     Gourm    .   m - +0 large shield
rNeg     + . .     Faith    .   c - +3 scale mail {rF+}
rPois    .         Spirit   .   W - +0 helmet
rElec    .         Reflect  +   a - +2 cloak
rCorr    .         Harm     .   y - +0 pair of gloves
MR       ++...                  b - +1 pair of boots
Stlth    ..........             J - +4 amulet of reflection (curse)
HPRegen  0.00/turn              D - +3 ring of evasion
MPRegen  0.14/turn              Q - ring "Suschic" {Ice +Inv Dex+2 Slay+5 Stlth-}

@: confused, lethally poisoned (-7 -> -26), held, non-regenerating
A: damage resistance, heal wounds, dopey 1, negative energy resistance 1, sense
surroundings 3, no regeneration
a: Heal Wounds, Minor Destruction, Lesser Servant of Makhleb, Major Destruction,
Greater Servant of Makhleb, Renounce Religion, Evoke Invisibility


You were on level 3 of the Spider Nest.
You worshipped Makhleb.
Makhleb was exalted by your worship.
You were near starving.

You visited 5 branches of the dungeon, and saw 27 of its levels.

You collected 2132 gold pieces.
You spent 1532 gold pieces at shops.

Inventory:

Hand Weapons
 G - the +7 broad axe "Qohuo" (weapon) {drain, Dex+2}
   (You bought it in a shop on level 7 of the Dungeon)

   A truly terrible weapon, it drains the life of those it strikes.
   It affects your dexterity (+2).
 Y - a +3 scimitar of flaming
Missiles
 p - 2 throwing nets
Armour
 a - a +2 cloak (worn)
 b - a +1 pair of boots (worn)
 c - a +3 scale mail of fire resistance (worn)
 m - a +0 large shield (worn)
 y - a +0 pair of gloves (worn)
 W - a +0 helmet (worn)
Jewellery
 D - a +3 ring of evasion (left hand)
 F - an uncursed ring of resist corrosion
 J - a cursed +4 amulet of reflection (around neck)
 P - an uncursed ring of protection from fire
 Q - the ring "Suschic" (right hand) {Ice +Inv Dex+2 Slay+5 Stlth-}
   (You bought it in a shop on level 2 of the Orcish Mines)

   [ring of ice]

   It enhances your ice magic.
   It affects your dexterity (+2).
   It affects your accuracy and damage with ranged weapons and melee attacks
   (+5).
   It makes you vulnerable to fire.
   It protects you from cold.
   It lets you turn invisible.
   It makes you less stealthy.
Wands
 h - a wand of paralysis (21)
 u - a wand of clouds (4)
 x - a wand of enslavement (33)
 C - a wand of scattershot (4)
 E - a wand of flame (133)
 H - a wand of iceblast (9)
 M - a wand of acid (5)
 R - a wand of random effects (25)
 U - a wand of polymorph (17)
 Z - a wand of disintegration (9)
Scrolls
 j - 16 scrolls of remove curse {@r2}
 k - 5 scrolls of teleportation
 l - 2 scrolls of immolation
 o - 2 scrolls of enchant armour
 r - 4 scrolls of magic mapping
 t - 4 scrolls of fear
 B - 3 scrolls of fog
 I - 9 scrolls of blinking
 K - a scroll of acquirement {unknown}
 O - a scroll of enchant weapon
 S - a scroll of brand weapon {unknown}
 T - a scroll of random uselessness {unknown}
 V - a scroll of torment {unknown}
Potions
 d - 5 potions of might
 e - 2 potions of invisibility
 g - 4 potions of mutation
 i - 5 potions of berserk rage
 n - 2 potions of cancellation
 s - a potion of heal wounds
 v - 4 potions of flight
 w - 6 potions of curing {@q1}
 z - 2 potions of resistance
 A - 2 potions of haste
 L - 4 potions of agility
 N - 9 potions of lignification
Comestibles
 f - 43 rations


   Skills:
 + Level 12.2 Fighting
 + Level 14.1 Axes
 + Level 14.2 Armour
 + Level 13.8 Dodging
 + Level 14.2 Shields
 - Level 6.0 Invocations


You had 15 spell levels left.
You didn't know any spells.

Dungeon Overview and Level Annotations

Branches:
Dungeon (15/15)            Temple (1/1) D:4            Lair (6/6) D:9
  Swamp (0/4) Lair:2       Spider (3/4) Lair:3        Slime (0/5) Lair:6
    Orc (2/2) D:11            Elf (0/3) Orc:2        Vaults (0/5) D:14
 Depths (0/5) D:15

Altars:
Ashenzari
Cheibriados
Dithmenos
Elyvilon
Fedhas
Gozag
Hepliaklqana
Kikubaaqudgha
Makhleb
Nemelex Xobeh
Okawaru
Qazlal
Ru
Sif Muna
Trog
Uskayaw
Vehumet
Wu Jian
Xom
Yredelemnul
Zin
The Shining One
Beogh

Shops:
D:6 :   D:7 (*[*   D:8 [   D:14 ?   Orc:1 (   Orc:2 *}[=?

Annotations:
Spider:3 Arachne


Innate Abilities, Weirdness & Mutations

You are resistant to damage.
You can heal yourself by infusing magical energy.
You resist negative energy. (rN+)
You passively map a large area around you.
You do not regenerate.
You are dopey. (Int -2)


Message History

Arachne casts a spell at you. The poison arrow hits you!
You are more poisoned.
* * * LOW HITPOINT WARNING * * *
Arachne hits you but does no damage. The tarantella closely misses you.
The orb spider weaves a glowing orb of energy.
Arachne hits you but does no damage.
An orb of destruction comes into view.
You feel much better.
You feel sick.
The tarantella bites you but does no damage.
Arachne hits you but does no damage.
The tarantella bites you but does no damage.
Arachne casts a spell at you. The bolt of poison hits you!
You are more poisoned.
* * * LOW HITPOINT WARNING * * *
You feel much better.
You feel very sick. Arachne barely misses you. The orb of destruction hits you!
You die...

* , , ,, ,, ** ,
.....#...#... , , * * *
............ , , ,
........... , , ..###
#.......... , , ....#.#
#^.......(. ,
........##....§s....,
,, ,
.............§§......
,, , ,
.............@.......,
, ,
.............Hs......,,
,, ,
.....................,
, .......#..†..........
, , ,
.....#^#†.†......... ,
,, , #.†.†#†..........
,, , * *
#..<............. ,,
#..†.....#......., , ,
* #................ , ,


You could see Arachne, an orb spider and a tarantella.

Vanquished Creatures
  Rupert (Lair:4)
  Gastronok (Lair:2)
  Agnes (Spider:1)
  A ghost moth (Spider:2)
  An entropy weaver (Spider:2)
  A stone giant (Orc:2)
  A dire elephant (Lair:6)
  Azrael (Spider:1)
  An ettin (Orc:1)
  Harold (Lair:1)
  Erolcha (D:11)
  9 hydras
  4 vault guards (D:14)
  2 death knights
  2 centaur warriors
  9 two-headed ogres
  3 death yaks (Lair:6)
  Urug (Lair:2)
  2 orc high priests
  2 skeletal warriors (D:11)
  A wizard (D:15)
  An unseen horror (D:14)
  A necromancer (D:15)
  5 orc knights
  Pikel (D:7)
  A lindwurm (Lair:6)
  2 deep elf magi
  11 wolf spiders
  8 orc sorcerers
  3 orb spiders
  A wolf spider zombie (D:15)
  6 ugly things
  The ghost of p0werm0de the Slasher, a novice OpGl of Ashenzari (D:8)
  15 elephants
  5 cyclopes
  2 manticores
  2 black mambas
  2 torpor snails (Spider:3)
  3 gargoyles
  18 spiny frogs
  4 rime drakes
  8 komodo dragons
  3 demonic crawlers
  A freezing wraith (D:11)
  A redback zombie (D:15)
  7 trolls
  2 tengu conjurers (D:14)
  2 polar bears
  11 jumping spiders
  4 hornets
  3 blink frogs (Lair:1)
  A wolf spider simulacrum (D:15)
  3 slime creatures (D:14)
  10 dream sheep
  A meliai zombie (D:14)
  8 hippogriffs
  4 spriggans (Lair:3)
  3 wyverns
  2 shadows
  8 tarantellas
  A vampire (D:12)
  35 yaks
  3 wraiths
  14 redbacks
  2 hungry ghosts
  Grum (D:10)
  2 fire elementals (Spider:1)
  6 basilisks
  3 vampire mosquitoes (D:15)
  7 wargs
  A two-headed ogre zombie (D:11)
  An acid dragon (D:12)
  9 water moccasins
  6 hell hounds (Spider:1)
  9 porcupines
  4 sky beasts
  6 ice beasts
  2 necrophages
  18 orc warriors
  A black bear (D:7)
  2 phantoms
  2 eyes of draining
  8 wolves
  12 ogres
  7 centaurs
  8 crocodiles
  2 big kobolds
  14 bullfrogs
  A wyvern skeleton (D:7)
  4 scorpions
  A troll zombie (D:11)
  3 centaur zombies
  4 howler monkeys
  10 crimson imps
  A quasit (D:11)
  2 bullfrog zombies
  3 hounds
  13 orc priests
  19 jellies
  A bullfrog skeleton (D:6)
  8 centaur skeletons
  6 iguanas
  51 orc wizards
  8 worker ants
  6 ogre zombies (D:11)
  2 hound skeletons
  7 gnolls (D:3)
  6 adders
  3 shadow imps
  6 oozes
  2 adder skeletons
  An adder zombie (D:9)
  3 worms (D:3)
  A dart slug (D:1)
  6 leopard geckos
  76 orcs
  3 bats
  3 giant cockroaches
  9 hobgoblins
  8 jackals
  10 kobolds
  A quokka (D:10)
  3 ball pythons
  2 frilled lizards (D:3)
  A giant cockroach zombie (D:6)
  5 goblins
  3 goblin skeletons (D:11)
  2 goblin zombies (D:11)
  2 hobgoblin skeletons (D:11)
  A hobgoblin zombie (D:11)
  A jackal skeleton (D:4)
  3 orc skeletons (D:11)
  14 orc zombies (D:11)
  A quokka skeleton (D:9)
  A quokka zombie (D:10)
  3 rats
  5 fungi
  3 plants
744 creatures vanquished.

Vanquished Creatures (collateral kills)
  Snorg (Lair:4)
  An oklob plant (Lair:4)
  A komodo dragon (Lair:4)
  2 fungi
5 creatures vanquished.

Vanquished Creatures (others)
  A centaur warrior (D:14)
  An orc wizard (D:11)
  An adder (D:7)
  An orc (Orc:2)
  4 fungi
  3 plants
11 creatures vanquished.

Grand Total: 760 creatures vanquished

Notes
Turn   | Place    | Note
-------+----------+-------------------------------------------
     0 | D:1      | kuniqs the Deep Dwarf Fighter began the quest for the Orb.
     0 | D:1      | Reached XP level 1. HP: 20/20 MP: 1/1
   202 | D:1      | Reached XP level 2. HP: 22/27 MP: 2/2
   699 | D:1      | Reached skill level 1 in Dodging
   797 | D:2      | Reached XP level 3. HP: 31/33 MP: 3/3
  1539 | D:3      | Reached XP level 4. HP: 36/42 MP: 4/4
  1652 | D:3      | Reached XP level 5. HP: 29/49 MP: 5/5
  1683 | D:3      | You fall through a shaft for 3 floors!
  1683 | D:6      | Noticed an ogre
  1689 | D:6      | Killed an ogre
  1705 | D:6      | Reached XP level 6. HP: 38/56 MP: 5/5
  1738 | D:5      | Entered Level 5 of the Dungeon
  1742 | D:5      | Noticed a sky beast
  1775 | D:5      | Killed a sky beast
  2036 | D:3      | Reached XP level 7. HP: 52/64 MP: 5/5
  2381 | D:4      | Found a white marble altar of Elyvilon.
  2517 | D:4      | Reached skill level 5 in Armour
  2517 | D:4      | Reached skill level 5 in Shields
  2528 | D:4      | Found a shattered altar of Ashenzari.
  2772 | D:4      | Found a staircase to the Ecumenical Temple.
  2781 | Temple   | Entered the Ecumenical Temple
  3125 | D:5      | Found a snail-covered altar of Cheibriados.
  3136 | D:5      | Found an ornate altar of the Wu Jian Council.
  3136 | D:5      | Found a hazy altar of Hepliaklqana.
  3168 | D:5      | Found a hide-covered altar of Uskayaw.
  3289 | D:5      | Got a pair of ichor-stained boots
  3301 | D:5      | Identified the cursed +0 pair of boots "Faiphaff" {rN++ Regen+ Dex-5} (You found it on level 5 of the Dungeon)
  3609 | D:6      | Found Bivarroere's Book Shop.
  3737 | D:6      | Found a deep blue altar of Sif Muna.
  3749 | D:6      | Found an ancient bone altar of Kikubaaqudgha.
  3784 | D:6      | Found a shadowy altar of Dithmenos.
  3794 | D:6      | Reached skill level 5 in Axes
  3794 | D:6      | Reached XP level 8. HP: 66/73 MP: 6/6
  4145 | D:7      | Noticed a hippogriff
  4169 | D:7      | Killed a hippogriff
  4169 | D:7      | Reached skill level 5 in Fighting
  4180 | D:7      | Got a steaming ring mail
  4191 | D:7      | Identified the +1 ring mail "Ibufur" {rCorr Int+3 Dex-3} (You found it on level 7 of the Dungeon)
  4237 | D:7      | Found a burning altar of Makhleb.
  4246 | D:7      | Reached skill level 5 in Dodging
  4253 | D:7      | Became a worshipper of Makhleb the Destroyer
  4280 | D:7      | Noticed Pikel
  4292 | D:7      | Killed Pikel
  4292 | D:7      | Gained mutation: You passively map the area around you. [Deep Dwarf growth]
  4292 | D:7      | Reached XP level 9. HP: 72/80 MP: 6/8
  4364 | D:7      | Found Gequ's Weapon Emporium.
  4504 | D:7      | Found Kaunugotz's Assorted Antiques.
  4511 | D:7      | Bought a crystal broad axe for 243 gold pieces
  4511 | D:7      | Identified the +7 broad axe "Qohuo" {drain, Dex+2} (You bought it in a shop on level 7 of the Dungeon)
  4583 | D:7      | Found Koorgh's Armour Shoppe.
  4604 | D:7      | Found Junis's General Store.
  4736 | D:8      | Noticed a cyclops
  4753 | D:8      | Killed a cyclops
  4844 | D:8      | Found Vuisorat's Antique Armour Shop.
  4943 | D:8      | Noticed p0werm0de's ghost (novice OpGl)
  4943 | D:8      | Noticed a troll
  4959 | D:8      | Killed a troll
  4971 | D:8      | Killed p0werm0de's ghost
  4971 | D:8      | Reached * piety under Makhleb
  4971 | D:8      | Reached XP level 10. HP: 60/91 MP: 9/9
  4978 | D:8      | Reached skill level 5 in Invocations
  4996 | D:8      | Noticed a two-headed ogre
  4998 | D:8      | Found a bloodstained altar of Trog.
  5005 | D:8      | Killed a two-headed ogre
  5021 | D:8      | Noticed a two-headed ogre
  5029 | D:8      | Killed a two-headed ogre
  5358 | D:9      | Found a glowing golden altar of the Shining One.
  5374 | D:9      | Found a basalt altar of Yredelemnul.
  5393 | D:9      | Found a staircase to the Lair.
  5658 | D:9      | Reached ** piety under Makhleb
  5905 | D:10     | Entered Level 10 of the Dungeon
  5976 | D:10     | Noticed Grum
  5993 | D:10     | Killed Grum
  6130 | D:10     | Noticed a gargoyle
  6138 | D:10     | Killed a gargoyle
  6750 | D:11     | Noticed a two-headed ogre
  6755 | D:11     | Killed a two-headed ogre
  6755 | D:11     | Reached XP level 11. HP: 100/100 MP: 11/11
  6757 | D:11     | Reached *** piety under Makhleb
  6819 | D:11     | Noticed Erolcha
  6825 | D:11     | Killed Erolcha
  6871 | D:11     | Found a staircase to the Orcish Mines.
  6891 | D:11     | Reached **** piety under Makhleb
  7161 | D:11     | Noticed a skeletal warrior
  7161 | D:11     | Noticed a skeletal warrior
  7262 | Lair:1   | Entered Level 1 of the Lair of Beasts
  7477 | Lair:1   | Noticed Harold
  7501 | Lair:1   | Killed Harold
  7629 | Lair:1   | Noticed a seven-headed hydra
  7651 | Lair:1   | Killed a seven-headed hydra
  7709 | Lair:1   | Noticed a four-headed hydra
  7729 | Lair:1   | Killed a four-headed hydra
  8009 | Lair:2   | Noticed Gastronok
  8040 | Lair:2   | Noticed a four-headed hydra
  8052 | Lair:2   | Killed Gastronok
  8052 | Lair:2   | Reached skill level 10 in Armour
  8052 | Lair:2   | Reached skill level 10 in Shields
  8052 | Lair:2   | Reached XP level 12. HP: 104/112 MP: 12/12
  8071 | Lair:2   | Killed a four-headed hydra
  8144 | Lair:2   | Found a staircase to the Swamp.
  8159 | Lair:2   | Reached skill level 10 in Axes
  8200 | Lair:2   | Found a sparkling altar of Nemelex Xobeh.
  8421 | Lair:2   | Noticed Urug
  8431 | Lair:2   | Killed Urug
  8717 | Lair:3   | Noticed a four-headed hydra
  8730 | Lair:3   | Killed a four-headed hydra
  8786 | Lair:3   | Reached skill level 10 in Dodging
  8922 | Lair:3   | Found a hole to the Spider Nest.
  8949 | Lair:3   | Reached ***** piety under Makhleb
  9546 | Lair:4   | Noticed a six-headed hydra
  9558 | Lair:3   | Killed a six-headed hydra
  9716 | Lair:4   | Noticed Snorg
  9720 | Lair:4   | Noticed Rupert
  9737 | Lair:4   | Killed Snorg
  9737 | Lair:4   | Reached XP level 13. HP: 15/121 MP: 13/13
  9742 | Lair:4   | Killed Rupert
 10951 | Lair:6   | Entered Level 6 of the Lair of Beasts
 10953 | Lair:6   | Found a white marble altar of Elyvilon.
 11010 | Lair:6   | Reached skill level 10 in Fighting
 11091 | Lair:6   | Found a staircase to the Slime Pits.
 11707 | Lair:6   | Noticed a dire elephant
 11709 | Lair:6   | Gained mutation: You resist negative energy. (rN+) [Deep Dwarf growth]
 11709 | Lair:6   | Reached XP level 14. HP: 133/133 MP: 12/12
 12368 | Orc:1    | Entered Level 1 of the Orcish Mines
 12596 | Orc:1    | Reached ****** piety under Makhleb
 12658 | Orc:1    | Found Viep's Antique Weapon Shop.
 12946 | Orc:2    | Entered Level 2 of the Orcish Mines
 12959 | Orc:2    | Gained mutation: Armour fits poorly on your strangely shaped body. [a neqoxec]
 12968 | Orc:2    | Lost mutation: Armour fits poorly on your strangely shaped body. [potion of mutation]
 12968 | Orc:2    | Gained mutation: You are dopey. (Int -2) [potion of mutation]
 12968 | Orc:2    | Gained mutation: You passively map a large area around you. [potion of mutation]
 13015 | Orc:2    | Found a staircase to the Elven Halls.
 13209 | Orc:2    | Noticed a stone giant
 13212 | Orc:2    | Found Mas Rumu's Armour Boutique.
 13219 | Orc:2    | Killed a stone giant
 13327 | Orc:2    | Paralysed by an orc sorcerer for 2 turns
 13342 | Orc:2    | Found a roughly hewn altar of Beogh.
 13463 | Orc:2    | Found Hoysal's Jewellery Boutique.
 13463 | Orc:2    | Found Hyqiusy's Magic Scroll Emporium.
 13532 | Orc:2    | Found Kilo's Gadget Emporium.
 13532 | Orc:2    | Found Comets's Assorted Antiques.
 13564 | Orc:2    | Bought a fuming amethyst potion for 30 gold pieces
 13564 | Orc:2    | Bought a smoky coppery potion for 30 gold pieces
 13564 | Orc:2    | Bought a scroll labeled KOLISELETIC for 34 gold pieces
 13646 | Orc:2    | Paralysed by an orc sorcerer for 2 turns
 13790 | Orc:2    | Bought the ring "Suschic" {Ice +Inv Dex+2 Slay+5 Stlth-} for 753 gold pieces
 14807 | D:13     | Reached XP level 15. HP: 142/142 MP: 13/13
 15417 | D:14     | Found Zaerowau's Magic Scroll Shoppe.
 15440 | D:14     | Found a gate to the Vaults.
 16048 | D:15     | Entered Level 15 of the Dungeon
 16075 | D:15     | Found a basalt altar of Yredelemnul.
 16199 | D:15     | Found an opulent altar of Gozag.
 16425 | D:15     | Found a staircase to the Depths.
 16575 | D:15     | Found a stormy altar of Qazlal.
 16954 | Orc:2    | Bought a +3 scale mail of fire resistance for 442 gold pieces
 17115 | Spider:1 | Entered Level 1 of the Spider Nest
 17160 | Spider:1 | Noticed Agnes
 17168 | Spider:1 | Killed Agnes
 17211 | Spider:1 | Noticed Azrael
 17222 | Spider:1 | Killed Azrael
 17618 | Spider:2 | Killed a ghost moth
 18583 | Spider:3 | Reached XP level 16. HP: 152/152 MP: 14/14
 18590 | Spider:3 | Noticed Arachne
 18625 | Spider:3 | HP: 4/152 [Arachne/poison arrow (28)]
 18627 | Spider:3 | Blown up by an orb spider

Vault maps used:
D:1:      saegor_arrival_simple_b
D:4:      elyvilon_altar_4, evilmike_ruin_ashenzari, lemuel_temple_firewalk_b
D:5:      kennysheep_mini, eat_drink_and_be_merry_uskayaw,
          gammafunk_temple_overflow_wave, first_ration
D:6:      grunt_temple_overflow_open, serial_shops, nicolae_shop_waterfront
D:7:      makhleb_blood_cavern_becter, serial_shops, nicolae_shop_trees,
          kennysheep_mini_moat, shop, shop_statue, uniq_pikel
D:8:      overflow_temple_1_default, serial_shops, shop_fountains
D:9:      minmay_flawed_box, grunt_temple_overflow_holy_war, lair_entry_dummy,
          hangedman_little_slice_of_home
D:10:     uniq_grum
D:11:     zombieorc2_lemuel, uniq_erolcha
D:12:     minmay_misc_feat_pillars
D:13:     patterned_corridor
D:14:     lightli_vaults_fourway_checkpoint, minmay_holes, serial_shops, shop
D:15:     grunt_enter_depths_magical_seal, basic_altar, basic_altar,
          kennysheep_flooded_box
Temple:   kb_temple_of_zot
Lair:1:   uniq_harold
Lair:2:   swamp_mist, basic_altar, uniq_urug, uniq_gastronok
Lair:3:   wad_woods_settlement, nicolae_spider_entry_tight_spaces
Lair:4:   uniq_snorg, uniq_rupert
Lair:5:   grunt_megastairs_3, serial_bayou_shore_b
Lair:6:   hangedman_lair_in_review, minmay_slime_entry_jelly_boxes, basic_altar
Spider:1: uniq_agnes, uniq_azrael
Spider:3: gammafunk_its_a_trap, nicolae_spider_cling_halls, uniq_arachne
Orc:1:    serial_shops, nicolae_shop_overgrown_old_shop
Orc:2:    st_orc_town, serial_shops, nicolae_shop_statue_plus

Skill      XL: |  1  2  3  4  5  6  7  8  9 10 11 12 13 14 15 |
---------------+----------------------------------------------+-----
Dodging        | 1 2 3 4 5 6 8 9 10 11 12 13 | 13.8
Fighting       | 3 4 5 6 7 8 9 10 11 12 | 12.2
Axes           | 3 4 5 6 7 8 9 10 12 13 14 | 14.1
Armour         | 4 5 6 7 8 10 11 12 13 14 | 14.2
Shields        | 4 5 6 7 8 10 11 12 13 14 | 14.2
Invocations    | 2 4 6 |  6.0

Action                   |  1- 3 |  4- 6 |  7- 9 | 10-12 | 13-15 | 16-18 || total
-------------------------+-------+-------+-------+-------+-------+-------++-------
Melee: War axe           |   138 |   144 |   263 |       |       |       ||   545
       Broad axe         |       |       |    67 |   475 |  1108 |    18 ||  1668
       Whip              |       |       |       |    64 |    23 |       ||    87
Invok: Lesser Servant of |       |       |       |     5 |     1 |       ||     6
 Abil: Heal Wounds       |     1 |     9 |     8 |     8 |     4 |       ||    30
Evoke: Wand              |       |       |       |       |     4 |       ||     4
  Use: Scroll            |       |       |     2 |    12 |    16 |       ||    30
       Potion            |       |       |       |       |     2 |     5 ||     7
 Stab: Distracted        |       |       |       |     2 |     2 |       ||     4
  Eat: Chunk             |     2 |     2 |    10 |    19 |    25 |       ||    58
       Ration            |       |       |       |       |     1 |       ||     1
Armor: Scale mail        |    63 |    81 |     1 |       |    49 |    33 ||   227
       Chain mail        |       |       |   167 |   197 |   209 |       ||   573
Dodge: Dodged            |    43 |    39 |   118 |   339 |   605 |    46 ||  1190
Block: Shield            |    91 |    75 |   217 |   402 |   747 |       ||  1532
       Reflection        |       |       |       |       |    34 |     3 ||    37
       Large shield      |       |       |       |       |   412 |    56 ||   468

Table legend:
 A = Spawn XP
 B = Non-spawn XP
 C = Spawn XP percentage of total XP
 D = Spawn monster count
 E = Non-spawn monster count
 F = Spawn count percentage of total count
 G = Total turns spent on level
                    A         B        C        D         E        F      G
               +---------+---------+-------+---------+---------+-------+---------
         Total |       0 |  157634 |   0.0 |       0 |     742 |   0.0 | 18627
               +---------+---------+-------+---------+---------+-------+---------
           D:1 |       0 |      33 |   0.0 |       0 |      17 |   0.0 |   785
           D:2 |       0 |      48 |   0.0 |       0 |      14 |   0.0 |   720
           D:3 |       0 |     309 |   0.0 |       0 |      32 |   0.0 |   602
           D:4 |       0 |     229 |   0.0 |       0 |      14 |   0.0 |   705
           D:5 |       0 |     300 |   0.0 |       0 |      11 |   0.0 |   613
           D:6 |       0 |     772 |   0.0 |       0 |      19 |   0.0 |   576
           D:7 |       0 |    1568 |   0.0 |       0 |      14 |   0.0 |   619
           D:8 |       0 |    4392 |   0.0 |       0 |      24 |   0.0 |   480
           D:9 |       0 |    1226 |   0.0 |       0 |      25 |   0.0 |   799
          D:10 |       0 |    1586 |   0.0 |       0 |      17 |   0.0 |   655
          D:11 |       0 |    6835 |   0.0 |       0 |      62 |   0.0 |   983
          D:12 |       0 |    7928 |   0.0 |       0 |      36 |   0.0 |   814
          D:13 |       0 |    5319 |   0.0 |       0 |      31 |   0.0 |   786
          D:14 |       0 |   12678 |   0.0 |       0 |      24 |   0.0 |   659
          D:15 |       0 |   14024 |   0.0 |       0 |      36 |   0.0 |   716
        Lair:1 |       0 |    5583 |   0.0 |       0 |      14 |   0.0 |   782
        Lair:2 |       0 |    6830 |   0.0 |       0 |      15 |   0.0 |   725
        Lair:3 |       0 |    7798 |   0.0 |       0 |      29 |   0.0 |   909
        Lair:4 |       0 |    8748 |   0.0 |       0 |      22 |   0.0 |   735
        Lair:5 |       0 |    5175 |   0.0 |       0 |      23 |   0.0 |   671
        Lair:6 |       0 |   23992 |   0.0 |       0 |      75 |   0.0 |  1111
      Spider:1 |       0 |   12155 |   0.0 |       0 |      32 |   0.0 |   459
      Spider:2 |       0 |    6941 |   0.0 |       0 |      13 |   0.0 |  1001
      Spider:3 |       0 |    5407 |   0.0 |       0 |      15 |   0.0 |    52
         Orc:1 |       0 |    7097 |   0.0 |       0 |      45 |   0.0 |   593
         Orc:2 |       0 |   10661 |   0.0 |       0 |      83 |   0.0 |   986
               +---------+---------+-------+---------+---------+-------+---------
